AoeStats
← AnnieQN

Arabia

510076340Analyzed
4v4 RM · 3d ago on Sep 29, 2026· 59m 42s· 8 players
Game mode
Random Map
Map size
Large (8 player)
Population
200
Speed
Normal
Resources
Standard
Victory
Conquest
Starting age
Dark Age
Ending age
Imperial Age
RankedLock teamsTeams togetherTeam positionsShared explorationLock speedFull tech treeHidden civsTurbo modeCheats
Victory
Defeat
🇬🇧 Turks · United Kingdom
874
+12
🇫🇷 Italians · France
784
+16
🇩🇰 Koreans · Denmark
756
+17
🇨🇳 Khmer · China
750
+18
🇹🇼 Teutons · Taiwan
878
-19
🇨🇳 Vietnamese · China
814
-17
🇻🇳 Ethiopians · Vietnam
806
-17
🇨🇳 Persians · China
648
-10
怎么就违规了
10:45 Feudal Age
9:58 Loom
12:25 Double-Bit Axe
18:19 Castle Age
20:07 Bow Saw
20:37 Horse Collar
20:52 Gold Mining
22:13 Wheelbarrow
23:26 Forging
24:57 Iron Casting
25:34 Town Watch
25:56 Heavy Plow
27:22 Hand Cart
27:54 Gold Shaft Mining
27:47 Husbandry
28:15 Tusk Swords
31:11 Scale Barding Armor
33:08 Ballistics
34:23 Chain Barding Armor
37:40 Imperial Age
35:41 Bloodlines
36:56 Fortified Wall
39:01 Conscription
38:28 Elite Battle Elephant
39:13 Stone Mining
40:27 Blast Furnace
40:03 Plate Barding Armor
40:32 Chemistry
42:11 Caravan
42:21 Town Patrol
42:03 Elite Ballista Elephant
47:56 Fletching
47:44 Sappers
48:49 Hoardings
48:31 Masonry
48:26 Siege Engineers
48:17 Murder Holes
53:57 Double Crossbow
56:43 Spies/Treason
56:49 Spies/Treason
The Rock 49
0:54 Loom
12:48 Feudal Age
19:06 Castle Age
21:08 Horse Collar
21:28 Double-Bit Axe
28:09 Bow Saw
33:07 Imperial Age
31:21 Heavy Plow
31:52 Silk Road
34:28 Wheelbarrow
33:39 Town Watch
33:19 Elite Genoese Crossbowman
35:18 Chemistry
34:38 Ballistics
34:09 Heated Shot
34:15 Murder Holes
34:16 Arson
34:31 Squires
36:42 Two-Man Saw
36:15 Crop Rotation
35:45 Fletching
36:06 Forging
36:22 Bodkin Arrow
38:53 Bracer
39:29 Iron Casting
39:23 Caravan
39:32 Padded Archer Armor
39:33 Scale Mail Armor
43:44 Blast Furnace
43:00 Chain Mail Armor
43:01 Leather Archer Armor
46:24 Pirotechnia
46:34 Conscription
47:32 Plate Mail Armor
47:33 Ring Archer Armor
56:18 Thumb Ring
56:36 Spies/Treason
kuro3bb
2:42 Loom
10:20 Feudal Age
11:39 Wheelbarrow
10:49 Double-Bit Axe
15:22 Bloodlines
17:02 Forging
22:12 Castle Age
23:35 Stone Mining
24:28 Bow Saw
25:52 Hand Cart
29:16 Husbandry
29:25 Scale Barding Armor
33:58 Horse Collar
34:11 Gold Mining
40:01 Ballistics
42:54 Imperial Age
42:55 Iron Casting
42:40 Chain Barding Armor
42:24 Padded Archer Armor
42:57 Elite Janissary
43:59 Conscription
52:48 Artillery
56:52 Blast Furnace
56:28 Plate Barding Armor
57:52 Spies/Treason
LUSK
11:43 Feudal Age
12:14 Double-Bit Axe
12:57 Loom
21:25 Castle Age
19:20 Horse Collar
23:06 Bow Saw
22:58 Heavy Plow
22:50 Gold Mining
22:52 Stone Mining
25:01 Gold Shaft Mining
26:10 Stone Shaft Mining
28:34 Squires
32:21 Wheelbarrow
32:22 Husbandry
32:28 Husbandry
33:09 Eupseong
34:09 Forging
34:00 Scale Mail Armor
38:47 Imperial Age
36:58 Chain Mail Armor
37:19 Iron Casting
37:10 Thumb Ring
38:46 Treadmill Crane
39:28 Ballistics
39:04 Murder Holes
39:20 Fortified Wall
39:26 Elite War Wagon
39:59 Elite Fire Lancer
40:24 Arson
41:59 Two-Man Saw
40:54 Fletching
41:27 Hand Cart
47:29 Chemistry
46:15 Arrowslits
52:51 Siege Engineers
53:45 Caravan
58:44 Plate Mail Armor
58:10 Bodkin Arrow
RYOUSHI HAN
10:29 Feudal Age
10:54 Double-Bit Axe
10:51 Horse Collar
11:56 Loom
22:11 Castle Age
21:11 Gold Mining
22:50 Bow Saw
23:34 Heavy Plow
24:11 Gold Shaft Mining
25:43 Wheelbarrow
26:31 Hand Cart
26:36 Town Watch
27:22 Fletching
27:53 Kamandaran
31:17 Imperial Age
29:58 Bodkin Arrow
30:25 Elite Skirmisher
31:13 Thumb Ring
32:01 Conscription
31:58 Squires
31:19 Pikeman
32:28 Masonry
32:48 Husbandry
33:47 Halberdier
35:06 Forging
34:56 Scale Mail Armor
37:16 Iron Casting
36:29 Arson
36:21 Crossbowman
38:42 Ballistics
39:22 Chemistry
39:53 Stone Mining
41:22 Heavy Cavalry Archer
42:27 Parthian Tactics
42:18 Bloodlines
42:38 Gambesons
42:13 Man-at-Arms
43:44 Caravan
45:18 Town Patrol
45:16 Long Swordsman
50:08 Blast Furnace
49:24 Chain Mail Armor
49:14 Scale Barding Armor
49:10 Padded Archer Armor
噴射大肉G
10:22 Feudal Age
11:24 Double-Bit Axe
12:06 Horse Collar
13:26 Fletching
22:28 Castle Age
20:46 Padded Archer Armor
20:52 Stone Mining
22:38 Gold Mining
22:39 Elite Skirmisher
28:07 Wheelbarrow
27:59 Leather Archer Armor
27:39 Bodkin Arrow
32:39 Imperial Age
30:48 Bow Saw
30:41 Heavy Plow
31:04 Ballistics
33:02 Town Watch
33:33 Hand Cart
33:03 Loom
34:42 Chemistry
34:15 Ring Archer Armor
33:53 Imperial Skirmisher
37:29 Two-Man Saw
37:33 Conscription
38:27 Crop Rotation
40:34 Siege Engineers
42:57 Crenellations
43:32 Arrowslits
43:59 Masonry
45:47 Ironclad
伐伐伐伐木工
7:01 Loom
12:07 Feudal Age
12:40 Double-Bit Axe
16:09 Horse Collar
19:14 Castle Age
18:45 Gold Mining
20:38 Stone Mining
21:44 Wheelbarrow
21:32 Pikeman
22:13 Squires
23:35 Bow Saw
24:41 Heavy Plow
27:47 Stone Shaft Mining
27:42 Light Cavalry
29:37 Bloodlines
31:27 Hand Cart
35:31 Scale Mail Armor
35:43 Forging
35:41 Scale Barding Armor
38:24 Imperial Age
40:27 Chemistry
39:38 Masonry
39:40 Fortified Wall
39:51 Ballistics
39:28 Murder Holes
40:22 Iron Casting
40:03 Chain Mail Armor
40:08 Chain Barding Armor
41:34 Two-Man Saw
41:07 Crop Rotation
40:50 Onager
40:52 Capped Ram
43:15 Elite Fire Lancer
43:25 Elite Skirmisher
44:42 Halberdier
49:12 Imperial Skirmisher
AnnieQN
7:52 Loom
12:14 Feudal Age
12:51 Double-Bit Axe
15:16 Gold Mining
19:50 Stone Mining
27:42 Castle Age
27:51 Forging
28:48 Squires
34:41 Husbandry
53:01 Imperial Age
53:00 Heavy Camel Rider
Connection lost

Rejoining the realm…

Still unreachable

The connection could not be restored.

Session expired

The server has moved on; the page needs a fresh start.